[Event "Late-Titled-Tuesday-Blitz-February-06-2024"]
[Site "Chess.com"]
[Date "2024.02.06"]
[Round "4"]
[White "betta2004"]
[Black "Mackster23"]
[Result "0-1"]
[WhiteElo "2543"]
[BlackElo "2758"]
[TimeControl "180+1"]
[EndTime "14:38:34 PST"]
[Termination "Mackster23 won by resignation"]

1. e4 c5 2. Nc3 d6 3. d4 cxd4 4. Qxd4 Nc6 5. Qd2 g6 6. b3 Bh6 7. f4 f5 8. Bb2 Nf6 9. Bd3 Rf8 10. g3 Qa5 11. O-O-O fxe4 12. Nxe4 Qxd2+ 13. Rxd2 Nxe4 14. Bxe4 Bf5 15. Bxf5 Rxf5 16. Ne2 Kd7 17. Kb1 g5 18. g4 Rxf4 19. Nxf4 gxf4 20. h4 e5 21. g5 Bf8 22.
h5 Be7 23. Rg1 Rg8 24. g6 hxg6 25. hxg6 Ke6 26. Rh2 Bf6 27. Kc1 Ne7 28. Rh7 d5 29. Kd2 d4 30. Kd3 Kd5 31. Rf7 e4+ 32. Kd2 Ke6 33.
Rg4 Be5 34. Rg5 Nxg6 35. Rxb7 f3 36. Rg1 f2 37. Rf1 e3+ 38. Kd1 Nf4 0-1

[Event "Late-Titled-Tuesday-Blitz-February-06-2024"]
[Site "Chess.com"]
[Date "2024.02.06"]
[Round "4"]
[White "CarlosjPineror"]
[Black "malakismayil"]
[Result "1/2-1/2"]
[WhiteElo "2698"]
[BlackElo "2470"]
[TimeControl "180+1"]
[EndTime "14:38:37 PST"]
[Termination "Game drawn by repetition"]

1. e4 e5 2. Nf3 Nc6 3. Bb5 h6 4.
c3 d6 5. h3 Nf6 6. Qe2 Be7 7. d3 O-O 8. Nbd2 Bd7 9. Nf1 Re8 10.
Ng3 Bf8 11. O-O a6 12. Ba4 g6 13. Bb3 Bg7 14. Be3 Na5 15. Bc2 d5 16. b4 Nc6 17.
a3 Be6 18. Rfd1 Qe7 19. Ba4 b5 20. Bc2 dxe4 21. dxe4 Bc4 22. Bd3 Bxd3 23. Rxd3 Red8 24. Rad1 Rxd3 25. Rxd3 Rd8 26. Bc5 Qe8 27. Qd2 Nd7 28. Be3 Kh7 29. h4 Nb6 30. Bxb6 cxb6 31. Rxd8 Qxd8 32. Qxd8 Nxd8 33. h5 Nb7 34. hxg6+ fxg6 35. Kf1 Nd6 36. Nd2 h5 37. Ke2 Bh6 38. Ngf1 Kg7 39.
Kd3 Bxd2 40. Nxd2 Kf6 41. Ke3 g5 42. Kf3 Nc4 43. Nxc4 bxc4 44. a4 b5 45. axb5 axb5 46. Kg3 Kg6 47. Kh3 Kf6 48. f3 Kg6 49. g3 Kf6 50.
Kg2 Kg6 51. Kf2 h4 52. Kg2 Kh5 53. Kh3 hxg3 54. Kxg3 Kh6 55. Kh3 Kh5 56. Kg3 Kh6 57.
Kg4 Kg6 58. Kh3 Kh5 59. Kg3 1/2-1/2

[Event "Late-Titled-Tuesday-Blitz-February-06-2024"]
[Site "Chess.com"]
[Date "2024.02.06"]
[Round "4"]
[White "DenLaz"]
[Black "krzyzan94"]
[Result "1-0"]
[WhiteElo "3048"]
[BlackElo "2808"]
[TimeControl "180+1"]
[EndTime "14:38:39 PST"]
[Termination "DenLaz won by checkmate"]

1. d4 Nf6 2. c4 e6 3. Nc3 Bb4 4. Nf3 Bxc3+ 5. bxc3 d6 6. Qc2 Nc6 7. e4 e5 8. Be2 O-O 9. O-O Re8 10. d5 Nb8 11.
Be3 Nbd7 12. Nd2 b6 13. f3 Nc5 14. Kh1 Bd7 15. Qd1 Nh5 16. g3 g6 17. Qe1 Ng7 18.
Nb3 f5 19. Nxc5 bxc5 20. Qd2 Rb8 21. Bg5 Qc8 22. Bd3 Rf8 23. f4 fxe4 24. Bxe4 Bh3 25. Rf2 Bf5 26. Bg2 exf4 27. Rxf4 Qd7 28. Raf1 Nh5 29.
R4f2 Rfe8 30. Bh6 Qe7 31. Bg5 Qe5 32. Kg1 Nf6 33. Bxf6 Qxf6 34. g4 Re5 35. gxf5 g5 36. Re2 Rbe8 37. Rfe1 h6 38. Rxe5 Rxe5 39. Rxe5 Qxe5 40.
Bf3 Qxf5 41. Qe2 Qf4 42. Kg2 Qc1 43. Qe8+ Kg7 44. Qe7+ Kg8 45. Qd8+ Kg7 46. Qxc7+ Kh8 47. Qd8+ Kg7 48. Qe7+ Kg8 49. Qe4 Kg7 50. Bh5 Qd2+ 51.
Qe2 Qxc3 52. Qe7+ Kh8 53. Qe8+ Kh7 54. Bg6+ Kg7 55. Qf7+ Kh8 56. Qh7# 1-0

[Event "Late-Titled-Tuesday-Blitz-February-06-2024"]
[Site "Chess.com"]
[Date "2024.02.06"]
[Round "4"]
[White "dropstoneDP"]
[Black "ozates"]
[Result "1-0"]
[WhiteElo "2999"]
[BlackElo "2611"]
[TimeControl "180+1"]
[EndTime "14:38:39 PST"]
[Termination "dropstoneDP won by resignation"]

1. e4 c5 2. Nf3 Nc6 3. Bb5 g6 4.
O-O Bg7 5. Re1 e5 6. Bxc6 dxc6 7. a4 Qc7 8. d3 Nf6 9. Na3 Nd7 10.
Nc4 O-O 11. a5 Rb8 12. b3 b5 13. axb6 axb6 14. Bb2 Re8 15. Qd2 Nf8 16. h4 Bg4 17. Nh2 Be6 18. h5 b5 19. h6 Bf6 20.
Ne3 c4 21. Nf3 cxb3 22. cxb3 Bxb3 23. Ng4 Bh8 24. Qg5 Qd8 25. Qxd8 Rbxd8 26. Bxe5 Rxd3 27.
Bxh8 Kxh8 28. Nf6 Red8 29. Ra3 Be6 30. Rxd3 Rxd3 31. Ra1 Rd8 32. Ng5 b4 33. Ra7 b3 34.
Rb7 c5 35. Nxe6 fxe6 36. Rxb3 c4 37. Rc3 Rc8 38. f4 e5 39. f5 Rc6 40. Nd5 gxf5 41. exf5 Rxh6 42. Rxc4 Rd6 43. Rc5 Kg7 44. Kf2 Nd7 45. Ra5 Nf6 46. Ne3 Rd2+ 47. Kf3 e4+ 48. Kf4 Rf2+ 49. Ke5 Nd7+ 50. Ke6 Nf8+ 51. Ke7 Re2 52.
f6+ Kg8 53. Rg5+ Kh8 54. Kxf8 1-0

[Event "Late-Titled-Tuesday-Blitz-February-06-2024"]
[Site "Chess.com"]
[Date "2024.02.06"]
[Round "4"]
[White "GMKrikor"]
[Black "StellarChess"]
[Result "1-0"]
[WhiteElo "2821"]
[BlackElo "2571"]
[TimeControl "180+1"]
[EndTime "14:38:39 PST"]
[Termination "GMKrikor won by resignation"]

1. Nf3 g6 2. c4 c6 3. d4 d5 4. Nc3 Bg7 5. cxd5 cxd5 6. Bf4 a6 7. e3 Nf6 8. h3 O-O 9. Bd3 Nc6 10. O-O e6 11. Rc1 Re8 12. a3 Bd7 13. Na4 b6 14.
Ne5 Nxe5 15. Bxe5 Ra7 16. Qb3 Bxa4 17. Qxa4 Qd7 18. Qxd7 Nxd7 19. Bxg7 Kxg7 20. Rc6 Rb8 21. Rfc1 a5 22. Bb5 Nf6 23. f3 h5 24. h4 Kf8 25.
Rc7 Rxc7 26. Rxc7 Kg7 27. Kf2 Kf8 28. Kg3 Ne8 29. Bxe8 Kxe8 30. Kf4 b5 31. b3 a4 32. b4 Kf8 33. Ke5 Kg7 34. e4 dxe4 35. fxe4 Rb6 36. g3 g5 37. hxg5 Kg6 38. d5 exd5 39. exd5 Rb8 40. d6 Re8+ 41. Re7 Rd8 42. d7 Kxg5 43. Kd6 f5 44. Re8 Rxd7+ 45. Kxd7 f4 46. gxf4+ Kxf4 47. Kc6 1-0

[Event "Late-Titled-Tuesday-Blitz-February-06-2024"]
[Site "Chess.com"]
[Date "2024.02.06"]
[Round "4"]
[White "jup1978"]
[Black "N_I_Chess"]
[Result "1-0"]
[WhiteElo "2518"]
[BlackElo "2337"]
[TimeControl "180+1"]
[EndTime "14:38:39 PST"]
[Termination "jup1978 won on time"]

1. d4 Nf6 2. Nf3 d5 3. c4 e6 4. g3 Bb4+ 5. Bd2 Qe7 6. Bg2 O-O 7. O-O c6 8. Bg5 h6 9. Bxf6 Qxf6 10. a3 Bd6 11. c5 Bc7 12. b4 e5 13. dxe5 Bxe5 14. Nxe5 Qxe5 15. Nd2 Bf5 16. e3 a5 17. Nf3 Qc3 18.
Qc1 axb4 19. axb4 Qxa1 20. Qxa1 Rxa1 21. Rxa1 Na6 22. Nd4 Bd3 23. Ra3 Bc4 24. Bf1 Nxb4 25. Bxc4 dxc4 26. Ra4 Nd3 27. Rxc4 Ra8 28. Rc3 Ne5 29.
Rb3 Ra7 30. Kg2 Nd7 31. Rc3 Ra5 32. Nb3 Rb5 33. h3 f6 34. g4 Kf7 35. f4 Ke6 36.
Kf3 g6 37. Nd4+ Ke7 38. Nxb5 cxb5 39. Rb3 Nxc5 40. Rxb5 Kd6 41. Rb6+ Kd5 42. Rxf6 b5 43.
Rxg6 Nd7 44. Rxh6 b4 45. Rh5+ Kc4 46. Rh7 Nc5 47. Rh8 Na6 48. Ra8 Kb5 49. Ra7 Nc5 50. Ra8 Na6 51. Rd8 1-0

[Event "Late-Titled-Tuesday-Blitz-February-06-2024"]
[Site "Chess.com"]
[Date "2024.02.06"]
[Round "4"]
[White "WPWPWP-2015"]
[Black "ChEsper99"]
[Result "1-0"]
[WhiteElo "2490"]
[BlackElo "2231"]
[TimeControl "180+1"]
[EndTime "14:38:39 PST"]
[Termination "WPWPWP-2015 won on time"]

1. e4 c5 2. Nc3 d6 3. Nf3 Nf6 4. d4 cxd4 5. Nxd4 a6 6. Bg5 Nbd7 7. f4 Qc7 8. Qf3 b5 9. O-O-O Bb7 10.
Nd5 Nxd5 11. exd5 Rc8 12. Bd3 Nb6 13. Be4 g6 14. f5 Bg7 15. f6 exf6 16. Bxf6 O-O 17.
Rhf1 Rfe8 18. Bxg7 Kxg7 19. c3 b4 20. Qf6+ Kg8 21.
Nf5 gxf5 22. Rxf5 Re5 23. Rd3 Rxf5 24. Bxf5 Nxd5 25. Qh6 Ne3 26. Rxe3 1-0

[Event "Late-Titled-Tuesday-Blitz-February-06-2024"]
[Site "Chess.com"]
[Date "2024.02.06"]
[Round "4"]
[White "GMWSO"]
[Black "Elsa167"]
[Result "1-0"]
[WhiteElo "3088"]
[BlackElo "2886"]
[TimeControl "180+1"]
[EndTime "14:38:40 PST"]
[Termination "GMWSO won by resignation"]

1. d4 Nf6 2. c4 e6 3. Nc3 d5 4.
cxd5 exd5 5. Bg5 Be7 6. e3 O-O 7. Bd3 Re8 8. Qc2 h6 9. Bh4 c5 10. Nge2 Nc6 11. a3 cxd4 12. exd4 Ne4 13. Bxe7 Rxe7 14.
Bxe4 dxe4 15. d5 Ne5 16. Qxe4 Bg4 17. O-O-O Rc8 18. d6 Re6 19. Rd5 Qf6 20. d7 Nxd7 21. Qxg4 Qxf2 22. Rxd7 Rxe2 23. Rd8+ Rxd8 24. Qxe2 Qf4+ 25.
Kc2 Qf5+ 26. Kb3 a6 27. Rd1 Rxd1 28. Qxd1 Qe6+ 29. Qd5 Qb6+ 30. Ka2 Qc7 31. h4 b5 32. h5 Qg3 33. Qa8+ Kh7 34. Qe4+ Kg8 35. Qe8+ Kh7 36. Qxf7 Qxg2 37. Qf5+ Kg8 38. Qc8+ Kh7 39. Qxa6 Qg5 40.
Qxb5 Qf6 41. Qd3+ Kh8 42. a4 g6 43. hxg6 h5 44. a5 h4 45. a6 h3 46. Qxh3+ Kg7 47. Qh7+ Kf8 1-0

[Event "Late-Titled-Tuesday-Blitz-February-06-2024"]
[Site "Chess.com"]
[Date "2024.02.06"]
[Round "4"]
[White "Konavets"]
[Black "bazar-wokzal"]
[Result "1-0"]
[WhiteElo "3111"]
[BlackElo "2627"]
[TimeControl "180+1"]
[EndTime "14:38:40 PST"]
[Termination "Konavets won on time"]

1. d4 Nf6 2. c4 Nc6 3. Nf3 e6 4. Bg5 h6 5. Bh4 Bb4+ 6. Nc3 g5 7. Bg3 Ne4 8. Rc1 d5 9. e3 h5 10. h4 g4 11. Ng1 Nxg3 12. fxg3 Bd6 13. Nge2 dxc4 14. Qa4 a6 15. Qxc4 e5 16. Ne4 Be6 17.
d5 Bb4+ 18. N2c3 f5 19. dxe6 fxe4 20. Qxe4 Qf6 21. Bc4 O-O-O 22. Rf1 Qh6 23. Kf2 Bxc3 24.
bxc3 Rd2+ 25. Kg1 Rhd8 26. Rb1 Na5 27. Bxa6 Qxe6 28. Bxb7+ Nxb7 29. Qxb7+ Kd7 30. Rbd1 Ke8 31. Rxd2 Rxd2 32. Qa8+ Kd7 33. Qa4+ Ke7 34. Qe4 Rxa2 35. Qh7+ Kd6 36. Qxh5 Qd5 37. Qh6+ Kc5 38. Qf8+ Kc4 39. Qb4+ Kd3 40. Rd1+ 1-0

[Event "Late-Titled-Tuesday-Blitz-February-06-2024"]
[Site "Chess.com"]
[Date "2024.02.06"]
[Round "4"]
[White "Chess2Hawks"]
[Black "Road2GM3000"]
[Result "0-1"]
[WhiteElo "2225"]
[BlackElo "2490"]
[TimeControl "180+1"]
[EndTime "14:38:41 PST"]
[Termination "Road2GM3000 won by resignation"]

1. d4 d5 2. c4 c6 3. Nf3 Nf6 4. e3 a6 5. Nc3 Bf5 6. cxd5 cxd5 7. Bd3 Bxd3 8. Qxd3 e6 9. O-O Nc6 10. a3 Bd6 11. e4 dxe4 12. Nxe4 Nxe4 13. Qxe4 O-O 14.
Bg5 Be7 15. Bxe7 Nxe7 16. Rac1 Qd7 17. Ne5 Qd5 18. f3 Rac8 19. b4 h6 20. Rc5 Rxc5 21. dxc5 Rd8 22. Qxd5 Rxd5 23. Re1 f6 24. Nc4 Kf7 25.
Nd6+ Kf8 26. Rxe6 Rd3 27. Nxb7 Rxa3 28. c6 Rc3 29. Nc5 Kf7 30. c7 Rxc5 31. Rxe7+ Kxe7 32. bxc5 Kd7 33. Kf2 Kxc7 34. Ke3 Kc6 35. Kd4 a5 36.
Kc4 g5 37. g3 f5 38. h4 gxh4 39. gxh4 f4 40. h5 a4 41. Kb4 a3 42. Kxa3 Kxc5 43.
Kb3 Kd4 44. Kc2 Ke3 45. Kd1 Kxf3 46. Ke1 Ke3 47. Kf1 f3 48. Ke1 Ke4 49. Kf2 Kf4 50. Kf1 Kg3 51. Kg1 Kh3 52. Kf2 Kg4 53. Kf1 Kxh5 54.
Kf2 Kg4 55. Kf1 Kg3 56. Kg1 f2+ 57. Kf1 h5 58. Ke2 Kg2 0-1

[Event "Late-Titled-Tuesday-Blitz-February-06-2024"]
[Site "Chess.com"]
[Date "2024.02.06"]
[Round "4"]
[White "Supergiuly"]
[Black "mjelcic"]
[Result "0-1"]
[WhiteElo "2313"]
[BlackElo "2211"]
[TimeControl "180+1"]
[EndTime "14:38:41 PST"]
[Termination "mjelcic won by resignation"]

1. e4 g6 2. Nc3 Bg7 3. b3 Nf6 4. f3 Nc6 5. Bb2 O-O 6. d4 d5 7. e5 Nh5 8. g3 f6 9. f4 fxe5 10. dxe5 d4 11. Nb5 Nxf4 12. gxf4 Rxf4 13. Ne2 Re4 14. Bg2 Rxe5 15. Nxd4 Bg4 16. O-O Nxd4 17. Qxd4 Bxe2 18. Qxd8+ Rxd8 19. Bxe5 Bxf1 20. Bxf1 Bxe5 21. Bc4+ Kg7 22. Re1 Bd4+ 23. Kg2 e5 24. Kf3 Rf8+ 25. Ke4 c6 26. Re2 Rf4+ 27. Kd3 Kf6 28. Bg8 h5 29. Kd2 g5 30. c3 Bc5 31. b4 Bb6 32. a4 a5 33. bxa5 Bxa5 34. Bb3 Rf3 35. Kd1 Bxc3 36.
Rc2 Bd4 37. Bc4 g4 38. Be2 Ra3 39. Rc4 c5 40. Bf1 Ra1+ 41. Ke2 Ra2+ 42. Ke1 Rxh2 43. a5 Ra2 44. a6 Rxa6 45. Ke2 b5 46. Rc1 c4 47. Rb1 Ra2+ 48. Ke1 Ra1 0-1

[Event "Late-Titled-Tuesday-Blitz-February-06-2024"]
[Site "Chess.com"]
[Date "2024.02.06"]
[Round "4"]
[White "SchmakAttack"]
[Black "Petukhov_Dmitry"]
[Result "1-0"]
[WhiteElo "2761"]
[BlackElo "2547"]
[TimeControl "180+1"]
[EndTime "14:38:42 PST"]
[Termination "SchmakAttack won by checkmate"]

1. e4 c5 2. Nc3 Nc6 3. f4 e6 4. Nf3 d5 5. Bb5 d4 6. Ne2 Bd7 7. O-O Nf6 8. d3 a6 9. Ba4 Be7 10. c3 dxc3 11. bxc3 c4 12. e5 cxd3 13. Qxd3 Nd5 14. c4 Ndb4 15. Qe4 Nxe5 16. Nxe5 Bxa4 17.
Qxb7 f6 18. Nc3 Rb8 19. Qf3 Qd4+ 20. Kh1 fxe5 21. Rb1 Bc2 22. Rb2 Bd3 23. Ne2 Qxc4 24. fxe5 Rf8 25. Qh5+ g6 26. Rxf8+ Bxf8 27. Qxh7 Bxe2 28.
Bg5 Qd3 29. h3 Nc6 30. Rd2 Qb1+ 31. Kh2 Qf5 32. Qd7# 1-0

[Event "Late-Titled-Tuesday-Blitz-February-06-2024"]
[Site "Chess.com"]
[Date "2024.02.06"]
[Round "4"]
[White "Cambek64"]
[Black "Viktor_Poddubnyi"]
[Result "1-0"]
[WhiteElo "2496"]
[BlackElo "2270"]
[TimeControl "180+1"]
[EndTime "14:38:42 PST"]
[Termination "Cambek64 won by checkmate"]

1. e4 g6 2. d4 Bg7 3. Nc3 d6 4. Be3 a6 5. a4 Nc6 6. Nge2 Nf6 7. f3 O-O 8. Qd2 e5 9. d5 Ne7 10. g4 Ne8 11. h4 f5 12. gxf5 gxf5 13. O-O-O Kh8 14. Bh3 f4 15. Bf2 Bxh3 16. Rxh3 Qd7 17.
Rh2 h5 18. Ng1 b5 19. Nh3 Bf6 20. Ng5 Ng7 21. Rg1 bxa4 22. Rhg2 Rab8 23. Ne6 Nxe6 24. dxe6 Qxe6 25. Nd5 Nxd5 26. exd5 Qf5 27. Rg6 Kh7 28. Qc3 Rf7 29. Qc4 e4 30. Bd4 exf3 31. Bxf6 Rxf6 32. Rg7+ Kh6 33. Qxc7 f2 34. Rf1 Rc8 35. Rh7+ Qxh7 36. Qxc8 Qe4 37. Qh8+ Kg6 38. Qg8+ Kf5 39. Qg5# 1-0

[Event "Late-Titled-Tuesday-Blitz-February-06-2024"]
[Site "Chess.com"]
[Date "2024.02.06"]
[Round "4"]
[White "Cronos97"]
[Black "viniciusrego"]
[Result "1-0"]
[WhiteElo "2208"]
[BlackElo "2455"]
[TimeControl "180+1"]
[EndTime "14:38:42 PST"]
[Termination "Cronos97 won by resignation"]

1. Nf3 g6 2. g3 Bg7 3. Bg2 e5 4. d3 c5 5. O-O Nc6 6. c4 Nge7 7. Nc3 d6 8. a3 O-O 9. Rb1 a5 10. Ne1 Be6 11. Nd5 f5 12. Nc2 h6 13. b4 axb4 14.
axb4 cxb4 15. Ncxb4 Nxb4 16. Rxb4 Nxd5 17. cxd5 Bc8 18.
Bd2 g5 19. Qb3 f4 20. Bc3 Ra6 21. Rc1 Rf7 22. Be1 g4 23. Be4 f3 24. e3 Rc7 25. Rxc7 Qxc7 26. Rc4 Qd8 27. Qc2 Bd7 28. Qb2 Qe8 29. Rc7 b5 30. Bc3 Qd8 31. Rb7 Qc8 32. Rxd7 Qxd7 33. h4 h5 34. Bg6 Qb7 35. Bxh5 Qxd5 36. Bxg4 Ra2 37. Qc1 Qxd3 38. Be1 Qa3 39.
Be6+ Kh7 40. Qb1+ e4 41. Bxa2 d5 42. Bxd5 Qa4 43. Bxe4+ Kh8 44. Bxf3 1-0

[Event "Late-Titled-Tuesday-Blitz-February-06-2024"]
[Site "Chess.com"]
[Date "2024.02.06"]
[Round "4"]
[White "ChessBrainiacOnTwitch"]
[Black "edgarhay012"]
[Result "0-1"]
[WhiteElo "2847"]
[BlackElo "2595"]
[TimeControl "180+1"]
[EndTime "14:38:43 PST"]
[Termination "edgarhay012 won by resignation"]

1. e4 c5 2. Nf3 e6 3. d4 cxd4 4. Nxd4 Nf6 5. Nc3 Nc6 6. a3 Be7 7. Be3 d5 8. exd5 Nxd5 9. Nxd5 exd5 10. Be2 O-O 11. O-O Bf6 12. Qd2 Re8 13. Rfe1 Ne5 14. Rad1 Nc4 15. Bxc4 dxc4 16. Qb4 Bg4 17. Rd2 Qc7 18. Nb5 Qc6 19. Nd6 Re6 20. h3 Bh5 21. Nf5 a5 22. Rd6 axb4 23. Rxc6 bxc6 24. axb4 Bg6 25.
Ng3 Bxb2 26. Rb1 Ra1 27. Rxa1 Bxa1 28. Ne2 Bxc2 29. Nf4 Rd6 30. Bc5 Rd1+ 31. Kh2 Be5 32. g3 Bxf4 33. gxf4 Be4 34. Kg3 c3 35. Be3 c2 36. f5 Rd3 37. Kf4 Rxe3 0-1

[Event "Late-Titled-Tuesday-Blitz-February-06-2024"]
[Site "Chess.com"]
[Date "2024.02.06"]
[Round "4"]
[White "LionTheLeon_06"]
[Black "masnyszachistaaa"]
[Result "1-0"]
[WhiteElo "2874"]
[BlackElo "2540"]
[TimeControl "180+1"]
[EndTime "14:38:43 PST"]
[Termination "LionTheLeon_06 won on time"]

1. c4 e6 2. Nc3 d5 3. e3 Nf6 4.
Nf3 b6 5. cxd5 exd5 6. b3 Bb7 7. Bb2 Nbd7 8. Rc1 a6 9. Ne2 Bd6 10. Ned4 O-O 11. Nf5 Bc5 12. Bd3 Re8 13. O-O Nf8 14. Bb1 Ng6 15. a3 a5 16. Qc2 Bc8 17. Qc3 Bxf5 18. Bxf5 Qe7 19. Ra1 Rad8 20. Qc2 Bd6 21. Bd3 Ne4 22. Bb5 Rf8 23. Be2 Rc8 24. d3 Nc5 25.
Nd4 Qg5 26. g3 h5 27. Bf3 h4 28. Bg2 Ne6 29. Nf3 Qh5 30. Rac1 Rfe8 31. Rfe1 Ng5 32. Nxg5 Qxg5 33. Qc6 Ne7 34. Qc3 Nf5 35. e4 dxe4 36. dxe4 Nh6 37. e5 Bc5 38. b4 axb4 39. axb4 Bf8 40.
Re4 hxg3 41. hxg3 Nf5 42. Rce1 Ne7 43. Qf3 Red8 44. e6 f6 45. Rg4 Qf5 46. Bxf6 Qxf3 47. Bxf3 Rd6 48. Bd1 Nf5 49. Be5 Rxe6 50. Bb3 Re8 51.
Bxc7 Kf7 52. Rge4 1-0

[Event "Late-Titled-Tuesday-Blitz-February-06-2024"]
[Site "Chess.com"]
[Date "2024.02.06"]
[Round "4"]
[White "dcann0n88"]
[Black "campochess"]
[Result "0-1"]
[WhiteElo "2447"]
[BlackElo "2111"]
[TimeControl "180+1"]
[EndTime "14:38:43 PST"]
[Termination "campochess won by checkmate"]

1. d4 e6 2. c4 Nf6 3. Nf3 b6 4. g3 Bb7 5. Bg2 c5 6. O-O cxd4 7. Qxd4 Nc6 8. Qd3 Be7 9. Nc3 O-O 10. a3 Rc8 11. b3 Na5 12. Qc2 d5 13. Ne5 dxc4 14.
Bxb7 Nxb7 15. Nxc4 Nd5 16. Bb2 b5 17. Nxb5 Na5 18.
Rfd1 a6 19. Nd4 Nxc4 20. bxc4 Qb6 21. Rab1 Qa7 22. Qd3 Nf6 23. e3 Rfd8 24. Qe2 Qa8 25. Rbc1 Ne4 26. Nf3 Nc5 27. Bc3 Na4 28. Bb4 Bf6 29.
Rxd8+ Rxd8 30. Qc2 Qxf3 31. Qxa4 h5 32. Qc2 h4 33. gxh4 Bxh4 34. Qc3 Qxf2+ 35. Kh1 Qf3+ 36.
Kg1 Bf2+ 37. Kf1 Bxe3+ 38. Ke1 Qf2# 0-1

[Event "Late-Titled-Tuesday-Blitz-February-06-2024"]
[Site "Chess.com"]
[Date "2024.02.06"]
[Round "4"]
[White "chrisclaireredfield"]
[Black "alexrustemov"]
[Result "1-0"]
[WhiteElo "2577"]
[BlackElo "2775"]
[TimeControl "180+1"]
[EndTime "14:38:44 PST"]
[Termination "chrisclaireredfield won by checkmate"]

1. Nf3 d5 2. g3 c6 3. Bg2 Bf5 4. O-O e6 5. d3 Nf6 6. Nh4 Bg6 7.
Nxg6 hxg6 8. e4 Be7 9. Nc3 O-O 10.
f4 c5 11. e5 Nfd7 12. h4 Nc6 13. h5 gxh5 14. Qxh5 g6 15. Qg4 Nd4 16. Rf2 Kg7 17. Nd1 Rh8 18. Ne3 Qg8 19. c3 Nf5 20. Nxf5+ exf5 21.
Qf3 Nb6 22. Re2 Rd8 23. Bd2 Na8 24. Kf2 Nc7 25. Rh1 Ne6 26. Ree1 b6 27. Rxh8 Qxh8 28.
Rh1 Qe8 29. g4 f6 30. Qh3 Qg8 31. gxf5 gxf5 32. Qxf5 Kf7 33. Rh7+ Ng7 34. e6+ Kf8 35. Qh3 f5 36. Qh6 Rd6 37. Rh8 Bd8 38. Rxg8+ Kxg8 39. Qg6 Kf8 40. Qf7# 1-0

[Event "Late-Titled-Tuesday-Blitz-February-06-2024"]
[Site "Chess.com"]
[Date "2024.02.06"]
[Round "4"]
[White "DeArron_Fox"]
[Black "Chessdude1987"]
[Result "0-1"]
[WhiteElo "2491"]
[BlackElo "2306"]
[TimeControl "180+1"]
[EndTime "14:38:44 PST"]
[Termination "Chessdude1987 won on time"]

1. d4 e6 2. c4 f5 3. g3 Nf6 4.
Bg2 Bb4+ 5. Bd2 Qe7 6. Nf3 Bxd2+ 7. Qxd2 d6 8. O-O O-O 9. Qc2 e5 10. Nc3 Nc6 11. Rfd1 a5 12. Nd5 Nxd5 13. cxd5 Nb4 14.
Qb3 e4 15. Nd2 b6 16. a3 Na6 17. f3 e3 18. Nf1 Re8 19. f4 a4 20. Qc3 Bb7 21. Rd3 Qf7 22. Nxe3 Re7 23. Kf2 Rae8 24. Re1 h6 25. Qc4 g5 26. Nd1 Nb8 27. e3 Nd7 28. Nc3 Nf6 29. Qxa4 Ng4+ 30. Kg1 Nxe3 31. Qb3 gxf4 32.
gxf4 Qg7 0-1

[Event "Late-Titled-Tuesday-Blitz-February-06-2024"]
[Site "Chess.com"]
[Date "2024.02.06"]
[Round "4"]
[White "DraningWaterHi"]
[Black "ArtemDyachuk"]
[Result "1-0"]
[WhiteElo "2209"]
[BlackElo "2633"]
[TimeControl "180+1"]
[EndTime "14:38:45 PST"]
[Termination "DraningWaterHi won by checkmate"]

1. d4 d5 2. Bf4 Nf6 3. e3 c5 4. c3 Nc6 5. Nd2 e6 6. Ngf3 h6 7. h3 Bd6 8. Bd3 O-O 9. O-O Re8 10. Bxd6 Qxd6 11. e4 cxd4 12. cxd4 dxe4 13. Nxe4 Nxe4 14. Bxe4 Bd7 15. Qb3 Nxd4 16. Qxb7 Reb8 17. Qxa8 Rxa8 18. Bxa8 Ne2+ 19. Kh1 Qb8 20. Be4 f5 21. Bd3 Nf4 22. Bc4 Bc6 23. Ne1 Qxb2 24. Rd1 Qc2 25. Nxc2 Bxg2+ 26. Kh2 Be4 27. Ne3 Kf7 28. f3 Bc6 29.
Nxf5 Kf6 30. Nd4 Ba4 31. Nxe6 Ng6 32. Nc5 Be8 33. Ne4+ Ke5 34. Rd8 Bc6 35. Re1 Kf4 36. Rd6 Ne5 37. Nd2 Be8 38. Rxe5 Kxe5 39. Re6+ Kf4 40.
Rxe8 g5 41. Re4+ Kf5 42. Be6+ Kf6 43. Bg4 a5 44. Re6+ Kg7 45. Ra6 h5 46. Bf5 h4 47.
Ne4 Kf7 48. Nxg5+ Ke7 49. Ne4 Kf7 50. Bg4 Ke7 51. f4 a4 52. f5 a3 53. f6+ Kf7 54. Bh5+ Kg8 55. f7+ Kg7 56. Ng5 Kf8 57. Nh7+ Ke7 58.
f8=Q+ Kd7 59. Qd6+ Kc8 60. Ra8+ Kb7 61. Bf3# 1-0

[Event "Late-Titled-Tuesday-Blitz-February-06-2024"]
[Site "Chess.com"]
[Date "2024.02.06"]
[Round "4"]
[White "varunkrishnanchess"]
[Black "gurudub"]
[Result "1-0"]
[WhiteElo "2643"]
[BlackElo "2117"]
[TimeControl "180+1"]
[EndTime "14:38:46 PST"]
[Termination "varunkrishnanchess won on time"]

1. d4 Nf6 2. c4 g6 3. Nf3 Bg7 4. g3 O-O 5. Bg2 d6 6. O-O Nc6 7. b3 e5 8. dxe5 dxe5 9. Bb2 Qe7 10. Nc3 Rd8 11. Qc1 Bf5 12. Ba3 Qe8 13. Nh4 Bg4 14.
h3 Be6 15. Nf3 Bf5 16. g4 Be6 17. Ng5 Bh6 18. f4 exf4 19. Qxf4 Bg7 20. Nb5 Rac8 21. Nxc7 Qd7 22. Ncxe6 fxe6 23. Rad1 Nd4 24. Qe3 e5 25.
Ne4 Nxe4 26. Bxe4 Qe6 27. Bb2 1-0

[Event "Late-Titled-Tuesday-Blitz-February-06-2024"]
[Site "Chess.com"]
[Date "2024.02.06"]
[Round "4"]
[White "guillembaches"]
[Black "messiboca"]
[Result "0-1"]
[WhiteElo "2548"]
[BlackElo "2771"]
[TimeControl "180+1"]
[EndTime "14:38:47 PST"]
[Termination "messiboca won on time"]

1. d4 Nf6 2. Nf3 c5 3. c3 g6 4. Bg5 Bg7 5. e3 O-O 6. Nbd2 b6 7. Be2 Bb7 8. O-O d6 9. b4 Nbd7 10. bxc5 dxc5 11. Qa4 a6 12. Rab1 Rc8 13. Rfd1 Nd5 14. Ne4 cxd4 15. cxd4 Nxe3 16. Bxe3 Bxe4 17. Rbc1 Rxc1 18.
Rxc1 a5 19. Qb5 Nf6 20. Ne5 Nd5 21. Nc6 Qd6 22. Bg5 Rc8 23. Bxe7 Qd7 24. Ba3 Kh8 25. Ne5 Rxc1+ 26. Bxc1 Qc8 27. Qc6 Qxc6 28. Nxc6 Nc3 29. Bc4 Bxc6 30. Bxf7 Ne2+ 0-1

[Event "Late-Titled-Tuesday-Blitz-February-06-2024"]
[Site "Chess.com"]
[Date "2024.02.06"]
[Round "4"]
[White "Vasily85"]
[Black "IranianCheetah"]
[Result "0-1"]
[WhiteElo "2503"]
[BlackElo "2355"]
[TimeControl "180+1"]
[EndTime "14:38:47 PST"]
[Termination "IranianCheetah won on time"]

1. e3 d5 2. c4 c6 3. Nf3 Nf6 4. Nc3 e6 5. b3 Bb4 6. Bb2 a5 7.
Be2 Qe7 8. a3 Bd6 9. O-O O-O 10.
d4 Ne4 11. Qc2 f5 12. Ne5 Nd7 13. f4 Nxc3 14. Bxc3 Nf6 15. Bd3 Bd7 16. Qd2 b6 17. b4 axb4 18. axb4 b5 19. cxb5 cxb5 20. Qe2 Ne4 21.
Bb2 Bxe5 22. dxe5 Qxb4 23. Bd4 Qd2 24. Qxd2 Nxd2 25. Rfd1 Rxa1 26. Rxa1 Nb3 27. Ra7 Nxd4 28. Rxd7 Nb3 29. Bxb5 Rb8 0-1

[Event "Late-Titled-Tuesday-Blitz-February-06-2024"]
[Site "Chess.com"]
[Date "2024.02.06"]
[Round "4"]
[White "ritanovikova"]
[Black "only_strong_moves"]
[Result "0-1"]
[WhiteElo "2222"]
[BlackElo "2650"]
[TimeControl "180+1"]
[EndTime "14:38:48 PST"]
[Termination "only_strong_moves won by resignation"]

1. e4 e5 2. Nf3 Nc6 3. Bc4 Nf6 4.
d4 exd4 5. e5 d5 6. Bb5 Nd7 7.
O-O Be7 8. Bxc6 bxc6 9. Qxd4 Bb7 10. e6 fxe6 11. Qxg7 Bf6 12. Qg4 Qe7 13. Re1 e5 14.
Qh5+ Qf7 15. Qh3 e4 16. Ng5 Qe7 17. Ne6 Ne5 18. Be3 Bc8 19. Qh5+ Ng6 20. Nf4 Qf7 21.
Nxg6 hxg6 22. Qd1 Bxb2 23. Nd2 Be5 24. g3 Bf5 25. Rb1 O-O 26. Bh6 Bh3 27. Bxf8 Rxf8 28. Qe2 Bd4 29. Rf1 Bxf1 30. Rxf1 Qf5 31. Kg2 Bb6 32.
c3 Qf6 33. c4 Re8 34. cxd5 cxd5 35. Qb5 c6 36. Qe2 Rf8 37. h4 Qe5 38. f3 Bc7 39. Qf2 e3 40. Qe1 exd2 41. Qxe5 Bxe5 42. Rd1 Bc3 43.
f4 Re8 44. Kf3 Re1 0-1